 Dungeon Crawl Stone Soup version 0.20.1-1-g8b1a95d (webtiles) character file.

273 Jerry the Cudgeler (level 6, -1/62 HPs)
             Began as a Troll Chaos Knight on Nov 7, 2017.
             Slain by a naga (2 damage)
             ... on level 4 of the Dungeon.
             The game lasted 00:07:03 (2296 turns).

Jerry the Cudgeler (Troll Chaos Knight)             Turns: 2296, Time: 00:07:04

Health: -1/62      AC:  7    Str: 21    XL:     6   Next: 3%
Magic:  5/5        EV:  7    Int: 10    God:    Xom [.*....]
Gold:   116        SH:  0    Dex:  9    Spells: 5/5 levels left

rFire    . . .     SeeInvis .   r - +0 mace
rCold    . . .     Gourm    +   (no shield)
rNeg     . . .     Faith    .   b - +2 robe
rPois    .         Spirit   .   (helmet restricted)
rElec    .         Reflect  .   (no cloak)
rCorr    .         Harm     .   (gloves unavailable)
MR       .....                  (boots unavailable)
Stlth    +.........             (no amulet)
Regen    0.6/turn               (no ring)
MPRegen  0.1/turn               (no ring)

@: lethally poisoned (-1 -> -2), constricted
A: unfitting armour, claws 3, fast metabolism 3, gourmand, regeneration 1,
shaggy fur 1, tough skin 2
a: Renounce Religion


You were on level 4 of the Dungeon.
You worshipped Xom.
You were a plaything of Xom.
You were completely stuffed.

You visited 1 branch of the dungeon, and saw 4 of its levels.

You collected 116 gold pieces.

Inventory:

Hand Weapons
 a - a +0 mace of chaos
 r - a +0 mace (weapon)
Armour
 b - a +2 robe (worn)
Jewellery
 t - a +4 ring of slaying {unknown}
Scrolls
 d - 2 scrolls of teleportation
 e - 2 scrolls of enchant armour {unknown}
 g - a scroll of identify
 k - 3 scrolls of enchant weapon {unknown}
 l - a scroll of remove curse {unknown}
 m - a scroll of magic mapping {unknown}
 o - a scroll of immolation {unknown}
 p - a scroll of fear {unknown}
 q - a scroll of amnesia {unknown}
Potions
 f - a potion of agility {unknown}
 i - a potion of flight
 j - a potion of brilliance {unknown}
 n - 2 potions of haste
Comestibles
 c - 2 bread rations
 h - 3 fruits
 s - a royal jelly
 u - a chunk of flesh


   Skills:
 + Level 3.6 Fighting
 * Level 4.6 Maces & Flails
 + Level 2.9 Dodging


You had 5 spell levels left.
You didn't know any spells.

Dungeon Overview and Level Annotations

Branches:
Dungeon (4/15)
 Temple: D:4-7

Altars:
Nemelex Xobeh
Trog


Innate Abilities, Weirdness & Mutations

You are too large for most types of armour.
You have claws for hands.
Your metabolism is lightning-fast.
You like to eat raw meat.
Your natural rate of healing is unusually fast.
You are covered in fur. (AC +1)
You have very tough skin. (AC +2)


Message History

You sock the naga!
The naga is almost dead.
You feel sick. The naga spits poison at you. The splash of poison misses you.
The naga constricts you.
You barely miss the naga.
The naga is almost dead.
You feel sick. The naga hits you! The naga constricts you.
You barely miss the naga.
The naga is almost dead.
You feel sick. The naga hits you but does no damage.
* * * LOW HITPOINT WARNING * * *
The naga constricts you.
You barely miss the naga.
The naga is almost dead.
The naga hits you!
* * * LOW HITPOINT WARNING * * *
x2 The naga constricts you.
The naga hits you.
* * * LOW HITPOINT WARNING * * *
You die...

.# #....#, ## ##...#
## .# #...# .. .##.#
############.####....
....
.....................
{..
#############.###...
.. #..#* .#
##.#######.#
#..@N...?.#
##......≈.#
#........# #........#
#..........
##..........
#.#####..... #.#
...<.


You could see a naga.

Vanquished Creatures
  The ghost of lorenzova the Magician, an amateur DECj (D:3)
  An orc priest (D:3)
  Robin (D:2)
  3 adders
  An adder (shapeshifter) (D:2)
  A dart slug (D:1)
  3 worms
  2 leopard geckos
  5 orcs (D:3)
  A ball python (D:3)
  3 giant cockroaches
  10 hobgoblins
  7 jackals
  A quokka (D:2)
  7 bats
  4 frilled lizards
  11 goblins
  6 kobolds
  7 rats
75 creatures vanquished.

Notes
Turn   | Place    | Note
-------+----------+-------------------------------------------
     0 | D:1      | Jerry the Troll Chaos Knight began the quest for the Orb.
     0 | D:1      | Reached XP level 1. HP: 22/22 MP: 0/0
    55 | D:1      | XOM: harmless Necr miscast
   173 | D:1      | Reached XP level 2. HP: 25/29 MP: 1/1
   174 | D:1      | XOM: silly message
   232 | D:1      | XOM: divination: detect creatures
   528 | D:1      | Reached skill level 3 in Maces & Flails
   686 | D:2      | XOM: butterfly on damage
   687 | D:2      | XOM: butterfly on damage
   865 | D:2      | XOM: potion effect (agility)
   868 | D:2      | Reached XP level 3. HP: 36/36 MP: 2/2
   997 | D:2      | Noticed Robin
  1039 | D:2      | Reached XP level 4. HP: 41/45 MP: 3/3
  1050 | D:2      | Killed Robin
  1067 | D:2      | Found a bloodstained altar of Trog.
  1186 | D:2      | Found a sparkling altar of Nemelex Xobeh.
  1210 | D:2      | XOM: divination: detect items
  1219 | D:2      | XOM: mild Tloc miscast
  1259 | D:2      | XOM: mild Tmut miscast
  1549 | D:3      | Reached skill level 4 in Maces & Flails
  1549 | D:3      | Reached XP level 5. HP: 34/53 MP: 4/4
  1744 | D:3      | Noticed lorenzova's ghost (amateur DECj)
  1767 | D:3      | Killed lorenzova's ghost
  1912 | D:3      | Reached XP level 6. HP: 50/61 MP: 5/5
  2035 | D:3      | XOM: noise
  2146 | D:4      | Noticed a sky beast
  2147 | D:4      | XOM: divination: detect items
  2184 | D:4      | XOM: medium Fire miscast
  2200 | D:4      | XOM: divination: magic mapping
  2286 | D:4      | Noticed a naga
  2286 | D:4      | a sky beast changed into a naga
  2286 | D:4      | XOM: polymorph sky beast -> naga
  2296 | D:4      | HP: 1/62 [naga (5)]
  2296 | D:4      | Slain by a naga

Skill      XL: |  1  2  3  4 |
---------------+-------------+-----
Dodging        | 2 |  2.9
Maces & Flails | 3 4 |  4.6
Fighting       | 3 |  3.6

Action                   |  1- 3 |  4- 6 || total
-------------------------+-------+-------++-------
Melee: Mace              |   134 |   137 ||   271
  Use: Scroll            |     2 |     3 ||     5
       Potion            |       |     2 ||     2
 Stab: Paralysed         |     2 |       ||     2
       Sleeping          |     1 |     1 ||     2
  Eat: Chunk             |    15 |    12 ||    27
Armor: Robe              |    66 |    67 ||   133
Dodge: Dodged            |    96 |    63 ||   159
